 Dungeon Crawl Stone Soup version 0.30-a0-779-g7971cf19c3 (webtiles) character file.

Game seed: 13493346304083204167

26397 Pimp the Poker (level 12, -20/100 HPs)
             Began as a Demonspawn Earth Elementalist on Feb 17, 2023.
             Was an Elder of Vehumet.
             Demolished by an orc warlord
             ... wielding a +1 dire flail of protection
              (26 damage)
             ... on level 1 of the Orcish Mines on Feb 18, 2023.
             The game lasted 01:08:07 (17302 turns).

Pimp the Poker (Demonspawn Earth Elementalist)     Turns: 17302, Time: 01:08:07

Health: -20/100    AC: 14    Str:  8 (10) XL:     12   Next: 98%
Magic:  23/23      EV: 17    Int: 18 (19) God:    Vehumet [****..]
Gold:   739        SH:  0    Dex: 13 (15) Spells: 17/25 levels left

rFire   . . .      SeeInvis .    e - +9 spear (vamp)
rCold   . . .      Faith    .    (no shield)
rNeg    . . .      Spirit   .    c - +5 ring mail
rPois   .          Reflect  .    (no helmet)
rElec   .          Harm     .    (no cloak)
rCorr   .          Rampage  .    (no gloves)
Will    .....                    (no boots)
Stlth   +                        (no amulet)
HPRegen 0.36/turn                I - +5 ring of evasion
MPRegen 0.18/turn                y - +4 ring of slaying

@: mighty, about to teleport
A: thin metallic scales 2, demonic guardian 2, powered by pain 1, weakness
stinger 1, talons 1, deterioration 1, robust 1, wild magic 1
a: Renounce Religion


You were on level 1 of the Orcish Mines.
You worshipped Vehumet.
Vehumet was greatly pleased with you.
You visited 3 branches of the dungeon, and saw 16 of its levels.
You also visited: Sewer.

You collected 1519 gold pieces.
You spent 780 gold pieces at shops.

Inventory:

Hand Weapons
 b - the +3 spear "Ighuvodd" {protect, Int+3}
   (You found it on level 9 of the Dungeon)

   Int:       It affects your intelligence (+3).
 d - a +0 mace
 e - a +9 vampiric spear (weapon)
 B - a +5 falchion of flaming
Missiles
 H - 2 throwing nets
Armour
 a - a +0 robe
 c - a +5 ring mail (worn)
 r - a +0 pair of gloves
Magical Staves
 k - a staff of earth
Jewellery
 f - an amulet of guardian spirit
 p - a ring of protection from cold
 y - a +4 ring of slaying (right hand)
 z - a +6 ring of intelligence
 I - a +5 ring of evasion (left hand)
Wands
 q - a wand of flame (18)
 s - a wand of mindburst (2)
 t - a wand of polymorph (5)
 A - a wand of digging (5)
 C - a wand of iceblast (10)
 G - a wand of paralysis (1) (quivered)
Scrolls
 h - 5 scrolls of identify
 i - 6 scrolls of magic mapping
 m - 2 scrolls of teleportation
 n - a scroll of poison
 o - 2 scrolls of enchant armour
 w - a scroll of silence
 D - a scroll of amnesia
 E - 5 scrolls of fog
 F - 3 scrolls of immolation
Potions
 g - a potion of flight
 j - 8 potions of brilliance
 l - 4 potions of attraction
 u - a potion of cancellation
 v - a potion of magic


   Skills:
 + Level 7.5 Fighting
 * Level 7.6(8.1) Polearms
 - Level 4.3(6.5) Staves
 + Level 6.9 Armour
 + Level 7.4 Dodging
 - Level 2.1 Stealth
 + Level 7.4 Spellcasting
 * Level 5.5 Conjurations
 - Level 6.3 Transmutations
 - Level 7.0 Earth Magic
 - Level 5.9 Evocations


You had 17 spell levels left.
You knew the following spells:

 Your Spells              Type           Power      Damage    Failure   Level
a - Sandblast             Erth           82%        2d17      1%          1
b - Stone Arrow           Conj/Erth      76%        3d11      2%          3
c - Passwall              Tmut/Erth      33%        N/A       4%          2
d - Blink                 Tloc           16%        N/A       47%         2

Your spell library contained the following spells:

 Spells                   Type           Power      Damage    Failure   Level
 Lightning Bolt           Conj/Air       10%        1d23      56%         5
 Momentum Strike          Conj/Tloc      42%        3d9       5%          2
 Scorch                   Fire           16%        2d5       14%         2
 Petrify                  Tmut/Erth      40%        N/A       24%         4
 Iskenderun's Battlesphe  Conj           34%        2d9       24%         5
 Flame Wave               Conj/Fire      21%        2d8       28%         4
 Lesser Beckoning         Tloc           16%        N/A       47%         2
 Fireball                 Conj/Fire      10%        3d6       56%         5
 Iron Shot                Conj/Erth      19%        9d4       65%         6
 Manifold Assault         Tloc           8%         N/A       97%         4
 Conjure Ball Lightning   Conj/Air       10%        3x3d6     97%         6
 Orb of Destruction       Conj           17%        9d7       99%         7
 Summon Cactus Giant      Summ           4%         N/A       100%        6
 Spellforged Servitor     Conj/Summ      10%        N/A       100%        7
 Storm Form               Tmut/Air       11%        N/A       100%        7


Dungeon Overview and Level Annotations

Branches:
Dungeon (13/15)            Temple (1/1) D:5            Lair (0/5) D:9
    Orc (2/2) D:9             Elf (0/3) Orc:2         Sewer (visited)
 Vaults: D:13-14

Altars:
Ashenzari
Cheibriados
Dithmenos
Fedhas
Gozag
Hepliaklqana
Makhleb
Okawaru
Qazlal
Ru
Trog
Uskayaw
Vehumet
Wu Jian
Xom
Yredelemnul

Shops:
D:1 (   D:5 =   D:11 *   Orc:2 ?=((

Annotations:
D:4 2 transporters, domi's ghost, amateur DsCj
D:8 3 transporters
D:9 bakla's ghost, journeyman DsBe


Innate Abilities, Weirdness & Mutations

You are mostly covered in thin metallic scales. (AC +3)
A demonic guardian rushes to your aid.
You sometimes gain a little power by taking damage.
You have a small tail.
You have sharp toenails.
Your body sometimes deteriorates upon taking damage.
You are robust. (+10% HP)
Your spells are a little harder to cast, but a little more powerful.


Message History

As you read the scroll of teleportation, it crumbles to dust.
You feel strangely unstable.
The orc warlord hits you with a +1 dire flail of protection.
You impale the orc warlord!!
You feel better.
The orc warlord is heavily wounded.
You hit the orc warlord but do no damage.
The orc warlord is heavily wounded.
The orc warlord misses you.
Your surroundings suddenly seem different.
You start resting.
An orc warlord is nearby!
Your ice devil hits the orc warlord but does no damage.
The orc warlord hits your ice devil with a +1 dire flail of protection.
Your ice devil hits the orc warlord but does no damage.
You swap places.
The orc warlord hits you with a +1 dire flail of protection!
The orc warlord hits you with a +1 dire flail of protection!!
* * * LOW HITPOINT WARNING * * *
You hit the orc warlord.
You feel better.
You tail-slap the orc warlord, but do no damage.
The orc warlord is moderately wounded.
The orc warlord hits you with a +1 dire flail of protection!
* * * LOW HITPOINT WARNING * * *
A demonic guardian appears!
Your ice devil hits the orc warlord but does no damage.
As you read the scroll of teleportation, it crumbles to dust.
You feel strangely unstable.
The orc warlord hits you with a +1 dire flail of protection!
* * * LOW HITPOINT WARNING * * *
Your sun demon hits the orc warlord but does no damage.
Your ice devil hits the orc warlord but does no damage.
Okay, then.
Okay, then.
Aiming: Paralyse
Press: ? - help, Shift-Dir - straight line, f/p - orc warlord
Aim: an orc warlord, wielding a +1 dire flail of protection and wearing a +0 chain mail (moderately wounded, not watching you, ally target, chance to affect: 28%)
The orc warlord easily resists.
Your sun demon hits the orc warlord!!
The orc warlord is engulfed in flames!!
The orc warlord hits you with a +1 dire flail of protection!!
You die...

### ### ##.## ##.###...#
##...###.## ###
#....###4####.####
##....#@o.##...#.##
####...###3#....#...##
##.#....##......##....#
##.........#.....#....##
#.................#.#.##
##.#...................## ###
##.....................####
##.###.......................#.#
##...###....[.........#......#...


You could see an orc warlord (ally target), a friendly sun demon (summoned) and
a friendly ice devil (summoned).

Vanquished Creatures
  A hydra (D:13)
  A two-headed ogre (D:11)
  The ghost of patfeehan111222 the Cleaver, a novice MiBe of Trog (D:9)
  Erica (D:7)
  A centaur warrior (D:13)
  An orc high priest (Orc:2)
  A deep elf pyromancer (D:12)
  An orc knight (Orc:2)
  3 orc sorcerers (Orc:2)
  Joseph (D:10)
  Maggie (D:9)
  2 komodo dragons
  7 trolls
  A hornet (D:7)
  Grinder (D:4)
  12 slime creatures
  A shadow (D:9)
  A wyvern (D:9)
  Eustachio (D:4)
  26 yaks
  2 wraiths (D:11)
  2 basilisks (D:9)
  2 steam dragons (D:8)
  3 wargs
  2 two-headed ogre zombies (D:9)
  Menkaure (D:4)
  2 water moccasins
  Duvessa (D:4)
  14 orc warriors
  A sky beast (D:7)
  3 black bears
  3 ice beasts
  9 ogres
  7 centaurs
  2 phantoms
  2 kobold brigands (D:8)
  A gnoll sergeant (D:7)
  A bullfrog (D:7)
  4 scorpions
  7 wights
  Dowan (D:4)
  A troll zombie (D:9)
  16 killer bees
  3 howler monkeys (D:8)
  4 hounds
  5 jellies
  15 orc priests
  3 gnoll boudas
  5 iguanas
  Jessica (D:3)
  Natasha (twice) (D:2)
  24 orc wizards
  5 ogre zombies (D:9)
  Robin (D:2)
  11 gnolls
  5 river rats (Sewer)
  4 adders
  A shadow imp (D:6)
  2 white imps (D:6)
  2 ufetubi (D:5)
  3 worms
  4 dart slugs
  54 orcs
  10 ball pythons
  9 bats
  14 endoplasms
  4 giant cockroaches
  16 goblins
  12 hobgoblins
  4 jackals (D:2)
  2 quokkas
  4 frilled lizards
  A goblin skeleton (D:9)
  2 goblin zombies (D:9)
  A hobgoblin skeleton (D:9)
  A hobgoblin zombie (D:9)
  15 kobolds
  4 orc skeletons (D:9)
  15 orc zombies (D:9)
  13 rats
433 creatures vanquished.

Vanquished Creatures (collateral kills)
  A boulder beetle (D:11)
  An orc knight (D:9)
  2 orc sorcerers
  An unseen horror (D:12)
  A slime creature (D:12)
  A vampire (D:10)
  Edmund (D:4)
  A wight (D:9)
  2 orc priests (Orc:2)
  Ijyb (D:3)
  2 orc wizards (Orc:2)
  A gnoll (D:10)
  A river rat (Sewer)
  3 orcs
  A goblin (D:3)
  3 jackals
  An orc zombie (D:9)
  A rat (D:3)
25 creatures vanquished.

Vanquished Creatures (others)
  A killer bee (D:9)
  2 orc wizards (Orc:2)
  A fungus (D:9)
  A plant (D:2)
  4 withered plants (D:9)
9 creatures vanquished.

Grand Total: 467 creatures vanquished

Notes
Turn   | Place    | Note
-------+----------+-------------------------------------------
     0 | D:1      | Pimp the Demonspawn Earth Elementalist began the quest for
                  | the Orb.
     0 | D:1      | Reached XP level 1. HP: 13/13 MP: 3/3
    65 | D:1      | Reached skill level 1 in Transmutations
   224 | D:1      | Gained mutation: You sometimes gain a little power by
                  | taking damage. [demonic ancestry]
   224 | D:1      | Reached XP level 2. HP: 13/19 MP: 3/5
   574 | D:1      | Found Juysuim's Weapon Shoppe.
   768 | D:1      | Gained mutation: A weak demonic guardian rushes to your
                  | aid. [demonic ancestry]
   768 | D:1      | Reached XP level 3. HP: 24/24 MP: 4/6
  1225 | D:2      | Noticed Robin
  1248 | D:2      | Gained mutation: You are occasionally teleported next to
                  | monsters. [potion of mutation]
  1248 | D:2      | Gained mutation: You are partially covered in large bone
                  | plates. (SH +4) [potion of mutation]
  1248 | D:2      | Gained mutation: You have a beak for a mouth. [potion of
                  | mutation]
  1364 | D:2      | Killed Robin
  1439 | D:2      | Noticed Natasha
  1498 | D:2      | Killed Natasha
  1499 | D:2      | Gained mutation: A demonic guardian rushes to your aid.
                  | [demonic ancestry]
  1499 | D:2      | Reached XP level 4. HP: 31/31 MP: 4/7
  1730 | D:2      | Noticed Natasha
  1744 | D:2      | Killed Natasha
  1745 | D:2      | Reached skill level 1 in Fighting
  1841 | D:3      | Noticed Ijyb
  1849 | D:3      | Killed Ijyb
  1850 | D:3      | Reached skill level 1 in Staves
  1850 | D:3      | Reached XP level 5. HP: 26/37 MP: 5/9
  1909 | D:3      | Reached skill level 1 in Armour
  1939 | D:3      | Reached skill level 1 in Evocations
  2277 | D:3      | Found a glowing drain.
  2285 | Sewer    | Entered a sewer
  2344 | Sewer    | Reached XP level 6. HP: 41/43 MP: 2/10
  2447 | Sewer    | Found a viscous altar of Jiyva.
  3040 | D:3      | Noticed Jessica
  3043 | D:3      | Killed Jessica
  3439 | D:4      | Noticed Grinder
  3575 | D:4      | Found a transporter.
  3616 | D:4      | Found a transporter.
  3619 | D:4      | Noticed domi's ghost (amateur DsCj)
  3669 | D:4      | Lost mutation: You have a beak for a mouth. [potion of
                  | mutation]
  3669 | D:4      | Lost mutation: You are occasionally teleported next to
                  | monsters. [potion of mutation]
  3669 | D:4      | Lost mutation: You are partially covered in large bone
                  | plates. (SH +4) [potion of mutation]
  3669 | D:4      | Gained mutation: Your system is resistant to poisons.
                  | (rPois) [potion of mutation]
  3669 | D:4      | Gained mutation: Your mind is acute. (Int +4, Str/Dex -1)
                  | [potion of mutation]
  3669 | D:4      | Gained mutation: You expend magic power (3 MP) to
                  | strengthen your wands. [potion of mutation]
  3669 | D:4      | Gained mutation: Your mind is very acute. (Int +8, Str/Dex
                  | -2) [potion of mutation]
  3673 | D:4      | Paralysed by Grinder for 4 turns
  3690 | D:4      | Killed Grinder
  3691 | D:4      | Gained mutation: You are partially covered in thin metallic
                  | scales. (AC +2) [demonic ancestry]
  3691 | D:4      | Reached XP level 7. HP: 14/50 MP: 9/12
  3973 | D:4      | Found a basalt altar of Yredelemnul.
  3979 | D:4      | Noticed Dowan
  3980 | D:4      | Noticed Duvessa
  3988 | D:4      | Killed Duvessa
  3990 | D:4      | Killed Dowan
  4114 | D:4      | Learned a level 3 spell: Stone Arrow
  4189 | D:4      | Noticed Edmund
  4244 | D:4      | Noticed Menkaure
  4248 | D:4      | Killed Menkaure
  4252 | D:4      | Killed Edmund
  4253 | D:4      | Gained mutation: You have a small tail. [demonic ancestry]
  4253 | D:4      | Reached XP level 8. HP: 11/57 MP: 10/13
  4580 | D:4      | Noticed Eustachio
  4582 | D:4      | Killed Eustachio
  4742 | D:5      | Entered Level 5 of the Dungeon
  4798 | D:5      | Found Uminaa's Jewellery Emporium.
  4911 | D:5      | Found a staircase to the Ecumenical Temple.
  4946 | D:5      | Found a sacrificial altar of Ru.
  4948 | D:5      | Found a bloodstained altar of Trog.
  5296 | D:5      | Gained mutation: You are mostly covered in thin metallic
                  | scales. (AC +3) [demonic ancestry]
  5296 | D:5      | Reached XP level 9. HP: 65/65 MP: 10/15
  5493 | Temple   | Entered the Ecumenical Temple
  5505 | Temple   | Became a worshipper of Vehumet
  6409 | D:7      | Reached skill level 5 in Earth Magic
  6425 | D:7      | Reached * piety under Vehumet
  6425 | D:7      | Offered knowledge of Kiss of Death by Vehumet.
  6568 | D:7      | Lost mutation: You expend magic power (3 MP) to strengthen
                  | your wands. [potion of mutation]
  6568 | D:7      | Lost mutation: Your system is resistant to poisons. (rPois)
                  | [potion of mutation]
  6568 | D:7      | Gained mutation: Your body sometimes deteriorates upon
                  | taking damage. [potion of mutation]
  6568 | D:7      | Gained mutation: Your body often deteriorates upon taking
                  | damage. [potion of mutation]
  6569 | D:7      | Lost mutation: Your mind is very acute. (Int +8, Str/Dex
                  | -2) [potion of mutation]
  6569 | D:7      | Lost mutation: Your body often deteriorates upon taking
                  | damage. [potion of mutation]
  6569 | D:7      | Gained mutation: You are clumsy. (Dex -2) [potion of
                  | mutation]
  6570 | D:7      | Lost mutation: Your mind is acute. (Int +4, Str/Dex -1)
                  | [potion of mutation]
  6570 | D:7      | Lost mutation: You are clumsy. (Dex -2) [potion of
                  | mutation]
  6570 | D:7      | Gained mutation: You are robust. (+10% HP) [potion of
                  | mutation]
  6570 | D:7      | Gained mutation: Your spells are a little harder to cast,
                  | but a little more powerful. [potion of mutation]
  6570 | D:7      | Gained mutation: You have sharp toenails. [potion of
                  | mutation]
  6995 | D:7      | Reached skill level 5 in Spellcasting
  6997 | D:7      | Reached skill level 5 in Dodging
  7345 | D:8      | Noticed Erica
  7346 | D:8      | Found a shadowy altar of Dithmenos.
  7482 | D:7      | Learned a level 2 spell: Passwall
  7485 | D:7      | Learned a level 2 spell: Blink
  7506 | D:7      | Killed Erica
  7507 | D:7      | Reached skill level 1 in Polearms
  7507 | D:7      | Reached XP level 10. HP: 65/80 MP: 17/17
  7628 | D:8      | Offered knowledge of Poisonous Vapours by Vehumet.
  7723 | D:8      | Reached ** piety under Vehumet
  7796 | D:8      | Reached skill level 5 in Fighting
  7957 | D:8      | Reached skill level 5 in Evocations
  8040 | D:8      | Found a transporter.
  8049 | D:8      | Found a transporter.
  8070 | D:8      | Found a transporter.
  8129 | D:8      | Found a transporter.
  8216 | D:9      | Reached skill level 5 in Transmutations
  8301 | D:9      | Reached skill level 5 in Armour
  8389 | D:9      | Found a staircase to the Orcish Mines.
  8396 | D:9      | Offered knowledge of Static Discharge by Vehumet.
  8415 | D:10     | Entered Level 10 of the Dungeon
  8670 | D:10     | Reached *** piety under Vehumet
  8720 | D:10     | Noticed Joseph
  8766 | D:10     | Killed Joseph
  8767 | D:10     | Reached XP level 11. HP: 84/88 MP: 19/19
  9464 | D:11     | Noticed a two-headed ogre
  9471 | D:11     | Killed a two-headed ogre
 10274 | D:11     | Found Oneanuf's Changing Room.
 10665 | D:12     | Offered knowledge of Airstrike by Vehumet.
 10665 | D:12     | Noticed a boulder beetle
 10714 | D:11     | Killed a boulder beetle
 11093 | D:12     | Reached skill level 1 in Conjurations
 11097 | D:12     | Reached skill level 5 in Polearms
 12168 | D:12     | Noticed a deep elf pyromancer
 12855 | D:12     | Killed a deep elf pyromancer
 12856 | D:12     | Reached XP level 12. HP: 97/97 MP: 18/21
 12945 | D:13     | Noticed a four-headed hydra
 12953 | D:13     | Killed a two-headed hydra
 13023 | D:13     | Noticed a centaur warrior
 13040 | D:13     | Killed a centaur warrior
 13454 | D:9      | Reached **** piety under Vehumet
 13476 | D:9      | Offered knowledge of Arcjolt by Vehumet.
 13699 | D:9      | Noticed Maggie
 13870 | D:9      | Found a staircase to the Lair.
 13891 | D:9      | Killed Maggie
 14064 | D:9      | Found a runed translucent gate.
 14064 | D:9      | Found a runed translucent gate.
 14065 | D:9      | Found a runed translucent gate.
 14068 | D:9      | Noticed bakla's ghost (journeyman DsBe)
 14068 | D:9      | Noticed patfeehan111222's ghost (novice MiBe)
 14263 | D:9      | Killed patfeehan111222's ghost
 14418 | D:9      | Identified the +3 spear "Ighuvodd" {protect, Int+3}
 14476 | Orc:1    | Entered Level 1 of the Orcish Mines
 15578 | Orc:2    | Entered Level 2 of the Orcish Mines
 15657 | Orc:2    | Found a staircase to the Elven Halls.
 15786 | Orc:2    | Reached ***** piety under Vehumet
 15819 | Orc:2    | Offered knowledge of Lightning Bolt by Vehumet.
 15966 | Orc:2    | Noticed an orc high priest
 15980 | Orc:2    | Killed an orc high priest
 16005 | Orc:2    | Reached skill level 5 in Conjurations
 16019 | Orc:2    | Found Qoypn's Antique Weapon Emporium.
 16019 | Orc:2    | Found Hafotu Seu's Jewellery Shoppe.
 16037 | Orc:2    | Found Qish's Magic Scroll Shoppe.
 16042 | Orc:2    | Found Muxedgh's Weapon Emporium.
 16367 | Orc:2    | Bought a scroll of enchant armour for 120 gold pieces
 16367 | Orc:2    | Bought a scroll of enchant armour for 120 gold pieces
 16369 | Orc:2    | Bought a +6 ring of intelligence for 540 gold pieces
 16883 | Orc:2    | Noticed an orc warlord
 17302 | Orc:1    | Demolished by an orc warlord

Illustrated notes

Levels and vault maps discovered:
D:1:      heliophobic_arrival_enchanted_forest, layout_basic, serial_shops,
          nicolae_lakefront_shop, minmay_pentomino_w4
D:2:      layout_basic, serial_forest, infiniplex_forest_split,
          infiniplex_forest_clump_curved, infiniplex_forest_corner_1,
          infiniplex_forest_lined_1, infiniplex_forest_lined_1,
          infiniplex_forest_lined_3_way, infiniplex_forest_clump_double,
          basic_altar, uniq_robin, uniq_natasha
D:3:      layout_basic, gup_sewer_entry_spiral, uniq_ijyb, uniq_jessica
D:4:      layout_loops_ring, amcnicky_altar_gilded, enter_ossuary_5,
          gammafunk_ghost_stat_death, serial_bayou_pond_e, grunt_ministairs_15,
          uniq_grinder, uniq_edmund, uniq_duvessa, uniq_menkaure, uniq_eustachio
D:5:      minmay_evil_eye, layout_rooms, jmf_multi_god_temple,
          minmay_temple_entry_ruins, serial_shops, nicolae_square_shop
D:6:      cheibrodos_quashed, layout_gridville, serial_glass, glass_columns_c,
          glass_columns_a, eino_curves_03, grunt_tough_drop
D:7:      layout_cave_pods
D:8:      layout_cave_pools, nicolae_dithmenos_shadow_blocks,
          nicolae_transporter_intersection, uniq_erica
D:9:      layout_roguey, david_lair_generic, zombieorc2_lemuel,
          gammafunk_ghost_cemetery, kennysheep_potato, uniq_maggie
D:10:     layout_loops_ring, uniq_joseph
D:11:     layout_layer_cave, nicolae_transmutations_shop,
          dreamdust_wishing_well, columned_hall_lemuel,
          chequers_serial_rivers_room_a
D:12:     layout_irregular_city
D:13:     layout_cave_pods, minmay_diamond_spiral
Temple:   dpeg_three_leaves_temple
Orc:1:    layout_caves
Orc:2:    st_orc_mages, layout_diamond_mine, mines2_lemuel

Skill      XL: |  1  2  3  4  5  6  7  8  9 10 11 12 |
---------------+-------------------------------------+-----
Transmutations | 1 2 3 4 5 6 |  6.3
Stealth        | 2 |  2.1
Dodging        | 2 3 4 5 6 7 |  7.4
Earth Magic    | 3 4 5 6 7 |  7.0
Fighting       | 1 2 3 4 5 6 7 |  7.5
Staves         | 1 2 3 4 |  4.3
Armour         | 1 2 3 4 5 6 |  6.9
Evocations     | 1 2 3 4 5 |  5.9
Spellcasting   | 3 4 5 6 7 |  7.4
Polearms       | 1 3 5 7 |  7.6
Conjurations   | 2 5 |  5.5

Action                     |  1- 3 |  4- 6 |  7- 9 | 10-12 || total
---------------------------+-------+-------+-------+-------++-------
  Melee: Mace              |    43 |       |       |       ||    43
         Staff             |    68 |   139 |    47 |       ||   254
         Peck              |     1 |    32 |       |       ||    33
         Tailslap          |       |       |     4 |   116 ||   120
         Punch             |       |       |     1 |    10 ||    11
         Spear             |       |       |    18 |   668 ||   686
         Kick              |       |       |    10 |   254 ||   264
         Falchion          |       |       |       |     3 ||     3
   Cast: Sandblast         |    36 |    72 |   139 |   174 ||   421
         Passwall          |       |       |       |     1 ||     1
  Evoke: Wand              |       |     3 |       |     1 ||     4
    Use: Potion            |     2 |     4 |     4 |    14 ||    24
         Scroll            |       |     4 |    21 |    14 ||    39
   Stab: Sleeping          |     3 |     1 |       |       ||     4
         Distracted        |       |       |       |     2 ||     2
 Armour: Ring mail         |   138 |    65 |    63 |   269 ||   535
  Dodge: Dodged            |   137 |   102 |   122 |   663 ||  1024
  Block: Other             |     5 |    33 |       |       ||    38

Table legend: (Time is in decaauts)
 A = Elapsed time spent in this place.
 B = Non-inter-level travel time spent in this place.
 C = Inter-level travel time spent in this place.
 D = Time resting spent in this place.
 E = Time spent auto-exploring this place.
 F = Levels seen in this place.
 G = Mean time per level.
                   A        B        C        D        E       F      G
               +--------+--------+--------+--------+--------+-----+--------+
         Total |  17524 |  16904 |    620 |   5156 |   6850 |  17 | 1030.8 |
       Dungeon |  14460 |  14011 |    449 |   3945 |   6187 |  13 | 1112.3 |
        Temple |     24 |     13 |     11 |      0 |      0 |   1 |   24.0 |
  Orcish Mines |   2273 |   2113 |    160 |    911 |    536 |   2 | 1136.5 |
         Sewer |    765 |    765 |      0 |    300 |    127 |   1 |  765.0 |
               +--------+--------+--------+--------+--------+-----+--------+

Top non-repeatable levels by time:
    D:11: 2439 daAuts
     D:9: 1726 daAuts
    D:12: 1435 daAuts
     D:4: 1222 daAuts
   Orc:1: 1196 daAuts
   Orc:2: 1077 daAuts
     D:7: 1049 daAuts
     D:3: 1045 daAuts
     D:2: 977 daAuts
     D:6: 965 daAuts
    D:10: 938 daAuts
     D:1: 938 daAuts
     D:5: 808 daAuts
   Sewer: 765 daAuts
     D:8: 686 daAuts
